 Dungeon Crawl Stone Soup version 0.27-a0-1334-g2746e35aca (webtiles) character file.

Game seed: 5803697645808696686

64 dickylongcocking the Skirmisher (level 4, 0/52 HPs)
             Began as a Djinni Fire Elementalist on June 26, 2021.
             Slain by a phantom (7 damage)
             ... on level 3 of the Dungeon.
             The game lasted 00:01:35 (2972 turns).

dickylongcocking the Skirmisher (DjFE)              Turns: 2972, Time: 00:01:36

Health: 0/52       AC:  4    Str:  7    XL:     4   Next: 32%
Gold:   109        EV: 11    Int: 17    God:
                   SH:  0    Dex: 14

rFire    + + +     SeeInvis .   b - +0 great sword
rCold    . . .     Faith    .   (shield currently unavailable)
rNeg     . . .     Spirit   .   l - +0 leather armour
rPois    ∞         Reflect  .   (no helmet)
rElec    +         Harm     .   (no cloak)
rCorr    +         Rampage  .   o - +0 pair of gloves
Will     .....                  (boots unavailable)
Stlth    ..........             (no amulet)
HPRegen  0.17/turn              (no ring)
MPRegen  0.00/turn              (no ring)

@: berserking (expiring), resistant, flying, very quick
A: sickness immunity, fire resistance 2, cold vulnerability 1, float, innate
caster, hp casting, extra vitality 1
a: no special abilities


You were on level 3 of the Dungeon.
You visited 1 branch of the dungeon, and saw 3 of its levels.

You collected 109 gold pieces.

Inventory:

Hand Weapons
 b - a +0 great sword (weapon)
Armour
 a - a +0 robe
 l - a +0 leather armour (worn)
 o - a +0 pair of gloves (worn)
Scrolls
 g - 2 scrolls of teleportation {unknown}
 i - 3 scrolls of identify {unknown}
 m - a scroll of torment {unknown}
Potions
 c - a potion of curing {unknown}
 d - a potion of lignification {unknown}
 e - a potion of degeneration {unknown}
 f - a potion of mutation {unknown}
 h - a potion of flight {unknown}
 n - a potion of cancellation {unknown}


   Skills:
 * Level 3.4 Fighting
 - Level 2.2 Dodging
 - Level 1.5 Stealth
 - Level 2.5 Spellcasting


You couldn't memorise any spells.
You knew the following spells:

 Your Spells              Type           Power      Damage    Failure   Level
a - Foxfire               Conj/Fire      40%        2x1d6     10%         1
b - Conjure Flame         Conj/Fire      10%        6-21      28%         3
c - Inner Flame           Hex/Fire       10%        N/A       28%         3
d - Sticky Flame          Conj/Fire      10%        2d3       67%         4
e - Fireball              Conj/Fire      5%         3d5       95%         5
f - Sandblast             Erth           20%        2d7       10%         1
Your spell library was empty.

Dungeon Overview and Level Annotations

Branches:
Dungeon (3/15)

Altars:


Innate Abilities, Weirdness & Mutations

You are immune to sickness and miasma.
You are immune to poison.
Your flesh is very heat resistant. (rF++)
You are vulnerable to cold. (rC-)
You float through the air rather than walking.
You learn spells naturally, not from books.
Your magical power is your life essence.
You have superior vitality. (+4 HP)


Message History

You continue putting on your +0 pair of gloves. x3
The phantom hits you.
You continue putting on your +0 pair of gloves.
The phantom hits you.
The phantom blinks!
You blink.
You finish putting on your +0 pair of gloves.
The phantom completely misses you.
It was a potion of resistance.
You feel protected. The phantom hits you!
It was a potion of berserk rage.
A red film seems to cover your vision as you go berserk!
You feel yourself moving faster!
You feel mighty! The phantom closely misses you.
You closely miss the phantom. The phantom closely misses you.
You closely miss the phantom.
The phantom hits you but does no damage.
You slash the phantom!
The phantom is heavily damaged.
The phantom hits you!
You miss the phantom.
The phantom is heavily damaged.
The phantom hits you but does no damage.
You closely miss the phantom.
The phantom is heavily damaged.
The phantom hits you!
* * * LOW HITPOINT WARNING * * *
The phantom blinks!
You blink.
You slash the phantom!
The phantom is almost destroyed.
The phantom hits you.
* * * LOW HITPOINT WARNING * * *
You closely miss the phantom.
The phantom is almost destroyed.
The phantom hits you.
* * * LOW HITPOINT WARNING * * *
The phantom blinks!
You blink.
You closely miss the phantom.
The phantom is almost destroyed.
The phantom hits you!
You die...

#......#v...#.#....#
#......#....#.#....#
#......####...#....# #
#........######....###.#
#......#.##§<.#....#.#.#
#......#.##§#.######...
#####..#....#.# ####.#
#########.# #....#
#@###.#### #W.§§.#
#######


You could see a phantom.

Vanquished Creatures
  2 adders (D:2)
  A dart slug (D:3)
  3 endoplasms
  2 giant cockroaches
  3 goblins
  2 hobgoblins (D:1)
  4 jackals (D:1)
  3 quokkas
  9 ball pythons
  3 bats
  5 frilled lizards
  3 kobolds
  4 rats
44 creatures vanquished.

Vanquished Creatures (others)
  187 foxfires
187 creatures vanquished.

Grand Total: 231 creatures vanquished

Notes
Turn   | Place    | Note
-------+----------+-------------------------------------------
     0 | D:1      | dickylongcocking the Djinni Fire Elementalist began the
                  | quest for the Orb.
     0 | D:1      | Reached XP level 1. HP: 15/15 MP: 0/0
   374 | D:1      | Reached skill level 1 in Fighting
   374 | D:1      | Reached XP level 2. HP: 14/22 MP: 0/0
  1129 | D:1      | Reached skill level 2 in Fighting
  1130 | D:1      | Reached XP level 3. HP: 23/28 MP: 0/0
  1130 | D:1      | Learned a level 1 spell: Sandblast
  2366 | D:2      | Reached skill level 3 in Fighting
  2366 | D:2      | Reached XP level 4. HP: 24/35 MP: 0/0
  2954 | D:3      | Noticed a phantom
  2972 | D:3      | Slain by a phantom

Illustrated notes

Levels and vault maps discovered:
D:1:      minmay_arrival_radiant_lines, layout_rooms, minmay_misc_feat_ornament
D:2:      layout_basic, minmay_pentomino_s2
D:3:      minmay_evil_eye, layout_basic, chequers_big_river,
          grunt_decor_arrowhead, kennysheep_generic_room_11

Skill      XL: |  1  2  3 |
---------------+----------+-----
Fighting       | 1 2 3 |  3.4
Dodging        | |  2.2
Stealth        | |  1.5
Spellcasting   | |  2.5

Action                   |  1- 3 |  4- 6 || total
-------------------------+-------+-------++-------
Melee: Great sword       |    12 |     8 ||    20
 Cast: Foxfire           |   105 |    23 ||   128
  Use: Potion            |       |     2 ||     2
Armor: Robe              |     4 |       ||     4
       Leather armour    |       |     2 ||     2
Dodge: Dodged            |    29 |     5 ||    34
       Rpst.: Great sword |     7 |     1 ||     8

Table legend: (Time is in decaauts)
 A = Elapsed time spent in this place.
 B = Non-inter-level travel time spent in this place.
 C = Inter-level travel time spent in this place.
 D = Time resting spent in this place.
 E = Time spent auto-exploring this place.
 F = Levels seen in this place.
 G = Mean time per level.
                   A        B        C        D        E       F      G
               +--------+--------+--------+--------+--------+-----+--------+
         Total |   2980 |   2927 |     53 |      0 |   2645 |   3 |  993.3 |
       Dungeon |   2980 |   2927 |     53 |      0 |   2645 |   3 |  993.3 |
               +--------+--------+--------+--------+--------+-----+--------+

Top non-repeatable levels by time:
     D:1: 1579 daAuts
     D:2: 1062 daAuts
     D:3: 338 daAuts
